Workbook

Sheet Suivi Financement
A1: TABLEAU DE SUIVI DES DOSSIERS DE FINANCEMENT
A3: Modèle enrichi : suivi bancaire, subventions, crédits, relances, priorités, risques et indicateurs de validation.
A4: N° Dossier | B4: Projet / Client | C4: Organisme financeur | D4: Type de financement | E4: Montant demandé (€) | F4: Montant validé (€) | G4: Reste à financer (€) | H4: Taux obtenu | I4: Statut | J4: Date dépôt | K4: Date relance | L4: Délai décision (jours) | M4: Échéance décision | N4: Responsable | O4: Pièces manquantes | P4: Priorité | Q4: Risque | R4: Prochaine action | S4: Commentaires
A5: FIN-001 | B5: Atelier Martin & Fils | C5: Banque Horizon | D5: Crédit bancaire | E5: 85000 | F5: 60000 | G5: =E5-F5 | H5: =IF(E5=0,0,F5/E5) | I5: En cours | J5: 46147 | K5: 46154 | L5: =IF(OR(J5="",M5=""),"",M5-J5) | M5: 46162 | N5: Claire Dubois | O5: Bilan comptable | P5: Haute | Q5: Moyen | R5: Relancer conseiller | S5: Analyse en attente
A6: FIN-002 | B6: CRM Maison Dubois | C6: Invest Capital | D6: Investissement | E6: 120000 | F6: 120000 | G6: =E6-F6 | H6: =IF(E6=0,0,F6/E6) | I6: Validé | J6: 46144 | L6: =IF(OR(J6="",M6=""),"",M6-J6) | M6: 46160 | N6: Julien Martin | P6: Moyenne | Q6: Faible | R6: Archiver accord | S6: Accord obtenu
A7: FIN-003 | B7: Équipement Atelier Bernard | C7: Subvention Énergie | D7: Subvention | E7: 45000 | F7: 0 | G7: =E7-F7 | H7: =IF(E7=0,0,F7/E7) | I7: À relancer | J7: 46141 | K7: 46152 | L7: =IF(OR(J7="",M7=""),"",M7-J7) | M7: 46170 | N7: Sophie Bernard | O7: Devis fournisseur | P7: Haute | Q7: Élevé | R7: Envoyer devis signé | S7: Documents incomplets
A8: FIN-004 | B8: Formation RH Groupe Laurent | C8: OPCO Compétences | D8: Financement formation | E8: 18000 | F8: 12000 | G8: =E8-F8 | H8: =IF(E8=0,0,F8/E8) | I8: Partiel | J8: 46143 | K8: 46156 | L8: =IF(OR(J8="",M8=""),"",M8-J8) | M8: 46172 | N8: Antoine Moreau | O8: Convention signée | P8: Faible | Q8: Moyen | R8: Compléter convention | S8: Validation partielle
A9: FIN-005 | B9: Véhicule Utilitaire Moreau | C9: Crédit Agricole | D9: Crédit professionnel | E9: 32000 | F9: 25000 | G9: =E9-F9 | H9: =IF(E9=0,0,F9/E9) | I9: Partiel | J9: 46148 | K9: 46158 | L9: =IF(OR(J9="",M9=""),"",M9-J9) | M9: 46178 | N9: Élodie Laurent | O9: Assurance provisoire | P9: Moyenne | Q9: Moyen | R9: Réviser apport | S9: Accord sous condition
A10: FIN-006 | B10: Rénovation Boutique Lefèvre | C10: Banque Populaire | D10: Crédit bancaire | E10: 70000 | F10: 0 | G10: =E10-F10 | H10: =IF(E10=0,0,F10/E10) | I10: En cours | J10: 46149 | K10: 46163 | L10: =IF(OR(J10="",M10=""),"",M10-J10) | M10: 46188 | N10: Thomas Lefèvre | O10: Plan de trésorerie | P10: Haute | Q10: Élevé | R10: Ajouter prévisionnel | S10: Étude bancaire en cours
A11: FIN-007 | B11: Modernisation Boulangerie Petit | C11: BPI France | D11: Aide innovation | E11: 55000 | F11: 40000 | G11: =E11-F11 | H11: =IF(E11=0,0,F11/E11) | I11: Validé | J11: 46151 | L11: =IF(OR(J11="",M11=""),"",M11-J11) | M11: 46167 | N11: Camille Petit | P11: Haute | Q11: Faible | R11: Préparer décaissement | S11: Notification reçue
A12: FIN-008 | B12: Projet Export Garnier | C12: Leasing Pro | D12: Crédit-bail | E12: 24000 | F12: 24000 | G12: =E12-F12 | H12: =IF(E12=0,0,F12/E12) | I12: Validé | J12: 46152 | L12: =IF(OR(J12="",M12=""),"",M12-J12) | M12: 46164 | N12: Nicolas Garnier | P12: Moyenne | Q12: Faible | R12: Signer contrat | S12: Contrat en préparation
A13: FIN-009 | B13: Stock Sécurité Durand | C13: Banque Rhône-Alpes | D13: Prêt création | E13: 95000 | F13: 0 | G13: =E13-F13 | H13: =IF(E13=0,0,F13/E13) | I13: Refusé | J13: 46153 | L13: =IF(OR(J13="",M13=""),"",M13-J13) | M13: 46168 | N13: Marion Durand | O13: Garantie insuffisante | P13: Haute | Q13: Élevé | R13: Chercher alternative | S13: Refus pour garantie
A14: FIN-010 | B14: Ligne de Production Leroy | C14: Région Île-de-France | D14: Subvention régionale | E14: 65000 | F14: 35000 | G14: =E14-F14 | H14: =IF(E14=0,0,F14/E14) | I14: Partiel | J14: 46154 | K14: 46169 | L14: =IF(OR(J14="",M14=""),"",M14-J14) | M14: 46193 | N14: Baptiste Leroy | O14: Attestation fiscale | P14: Moyenne | Q14: Moyen | R14: Téléverser attestation | S14: Subvention partielle
A15: FIN-011 | B15: Restaurant Le Saint-Pierre | C15: France Travail | D15: Aide emploi | E15: 15000 | F15: 15000 | G15: =E15-F15 | H15: =IF(E15=0,0,F15/E15) | I15: Validé | J15: 46156 | L15: =IF(OR(J15="",M15=""),"",M15-J15) | M15: 46171 | N15: Lucie Fontaine | P15: Faible | Q15: Faible | R15: Suivre paiement | S15: Accord final
A16: FIN-012 | B16: Cabinet Mercier Conseil | C16: Business France | D16: Aide export | E16: 38000 | F16: 0 | G16: =E16-F16 | H16: =IF(E16=0,0,F16/E16) | I16: En attente | J16: 46157 | K16: 46172 | L16: =IF(OR(J16="",M16=""),"",M16-J16) | M16: 46198 | N16: Maxime Rousseau | O16: Budget détaillé | P16: Moyenne | Q16: Moyen | R16: Ajouter budget | S16: Instruction en cours
A17: FIN-013 | B17: Commerce Centre-Ville Rousseau | C17: Banque Atlantis | D17: Crédit équipement | E17: 48000 | F17: 42000 | G17: =E17-F17 | H17: =IF(E17=0,0,F17/E17) | I17: Validé | J17: 46158 | L17: =IF(OR(J17="",M17=""),"",M17-J17) | M17: 46185 | N17: Chloé Mercier | P17: Haute | Q17: Faible | R17: Planifier signature | S17: Accord reçu
A18: FIN-014 | B18: Subvention Innovation Faure | C18: Assureur Partenaire | D18: Indemnisation / avance | E18: 22000 | F18: 0 | G18: =E18-F18 | H18: =IF(E18=0,0,F18/E18) | I18: À relancer | J18: 46159 | K18: 46170 | L18: =IF(OR(J18="",M18=""),"",M18-J18) | M18: 46191 | N18: Pierre Renaud | O18: Rapport expert | P18: Haute | Q18: Élevé | R18: Relancer expert | S18: Pièce bloquante
A19: FIN-015 | B19: École de Formation Chevalier | C19: Fonds Amorçage | D19: Investissement | E19: 180000 | F19: 90000 | G19: =E19-F19 | H19: =IF(E19=0,0,F19/E19) | I19: En cours | J19: 46160 | K19: 46175 | L19: =IF(OR(J19="",M19=""),"",M19-J19) | M19: 46203 | N19: Anaïs Girard | O19: Pitch deck financier | P19: Haute | Q19: Moyen | R19: Envoyer version finale | S19: Comité prévu
A20: FIN-016 | B20: Extension Dépôt Lambert | C20: Banque Seine | D20: Crédit travaux | E20: 52000 | F20: 52000 | G20: =E20-F20 | H20: =IF(E20=0,0,F20/E20) | I20: Validé | J20: 46161 | L20: =IF(OR(J20="",M20=""),"",M20-J20) | M20: 46183 | N20: Louis Faure | P20: Moyenne | Q20: Faible | R20: Suivre décaissement | S20: Validé sans réserve
A21: FIN-017 | B21: Matériel Médical Marchand | C21: OPCO Atlas | D21: Financement formation | E21: 27000 | F21: 0 | G21: =E21-F21 | H21: =IF(E21=0,0,F21/E21) | I21: En attente | J21: 46162 | K21: 46178 | L21: =IF(OR(J21="",M21=""),"",M21-J21) | M21: 46204 | N21: Manon Chevalier | O21: Programme détaillé | P21: Faible | Q21: Moyen | R21: Déposer programme | S21: Dossier incomplet
A22: FIN-018 | B22: Transition Numérique Robin | C22: ADEME | D22: Aide publique | E22: 110000 | F22: 75000 | G22: =E22-F22 | H22: =IF(E22=0,0,F22/E22) | I22: Partiel | J22: 46163 | K22: 46179 | L22: =IF(OR(J22="",M22=""),"",M22-J22) | M22: 46208 | N22: Hugo Lambert | O22: Audit énergie | P22: Haute | Q22: Moyen | R22: Finaliser audit | S22: Montant ajusté
A23: FIN-019 | B23: Projet Agricole Perrin | C23: Banque Nord | D23: Crédit trésorerie | E23: 30000 | F23: 0 | G23: =E23-F23 | H23: =IF(E23=0,0,F23/E23) | I23: Refusé | J23: 46164 | L23: =IF(OR(J23="",M23=""),"",M23-J23) | M23: 46184 | N23: Pauline Marchand | O23: Capacité remboursement | P23: Moyenne | Q23: Élevé | R23: Revoir dossier | S23: Refus motivé
A24: FIN-020 | B24: Salon de Coiffure Gauthier | C24: Banque Flandres | D24: Crédit bancaire | E24: 76000 | F24: 50000 | G24: =E24-F24 | H24: =IF(E24=0,0,F24/E24) | I24: En cours | J24: 46165 | K24: 46180 | L24: =IF(OR(J24="",M24=""),"",M24-J24) | M24: 46211 | N24: Mathieu Robin | O24: Prévisionnel CA | P24: Haute | Q24: Moyen | R24: Actualiser prévisionnel | S24: Étude en cours
A25: FIN-021 | B25: Hôtel Les Tilleuls Caron | C25: Microcrédit Pro | D25: Microcrédit | E25: 12000 | F25: 10000 | G25: =E25-F25 | H25: =IF(E25=0,0,F25/E25) | I25: Validé | J25: 46166 | L25: =IF(OR(J25="",M25=""),"",M25-J25) | M25: 46185 | N25: Clémence André | P25: Faible | Q25: Faible | R25: Suivre virement | S25: Paiement attendu
A26: FIN-022 | B26: Crèche Les Petits Pas André | C26: Crédit Mutuel | D26: Prêt agricole | E26: 58000 | F26: 0 | G26: =E26-F26 | H26: =IF(E26=0,0,F26/E26) | I26: En attente | J26: 46167 | K26: 46182 | L26: =IF(OR(J26="",M26=""),"",M26-J26) | M26: 46217 | N26: Alexandre Perrin | O26: Titre foncier | P26: Haute | Q26: Élevé | R26: Ajouter titre foncier | S26: Analyse documentaire
A27: FIN-023 | B27: Agence Web Fontaine | C27: Banque Digitale | D27: Crédit innovation | E27: 42000 | F27: 30000 | G27: =E27-F27 | H27: =IF(E27=0,0,F27/E27) | I27: Partiel | J27: 46168 | K27: 46184 | L27: =IF(OR(J27="",M27=""),"",M27-J27) | M27: 46223 | N27: Laura Gauthier | O27: Contrat prestataire | P27: Moyenne | Q27: Moyen | R27: Envoyer contrat | S27: Validation conditionnée
A28: FIN-024 | B28: Menuiserie Renaud | C28: Réseau Entreprendre | D28: Prêt d’honneur | E28: 40000 | F28: 40000 | G28: =E28-F28 | H28: =IF(E28=0,0,F28/E28) | I28: Validé | J28: 46169 | L28: =IF(OR(J28="",M28=""),"",M28-J28) | M28: 46191 | N28: Romain Caron | P28: Haute | Q28: Faible | R28: Préparer convention | S28: Accord obtenu

Sheet Tableau de bord
A1: TABLEAU DE BORD - FINANCEMENTS
A4: Dossiers suivis | C4: Montant demandé | E4: Montant validé | G4: Reste à financer
A5: =COUNTA('Suivi Financement'!A5:A28) | C5: =SUM('Suivi Financement'!E5:E28) | E5: =SUM('Suivi Financement'!F5:F28) | G5: =SUM('Suivi Financement'!G5:G28)
A8: Taux moyen obtenu | C8: Dossiers à relancer | E8: Dossiers validés | G8: Risque élevé
A9: =IF(SUM('Suivi Financement'!E5:E28)=0,0,SUM('Suivi Financement'!F5:F28)/SUM('Suivi Financement'!E5:E28)) | C9: =COUNTIF('Suivi Financement'!I5:I28,"À relancer") | E9: =COUNTIF('Suivi Financement'!I5:I28,"Validé") | G9: =COUNTIF('Suivi Financement'!Q5:Q28,"Élevé")
A13: Répartition par statut | E13: Montants par type
A14: Statut | B14: Nombre | C14: Montant validé | E14: Type | F14: Demandé | G14: Validé
A15: En attente | B15: =COUNTIF('Suivi Financement'!I5:I28,A15) | C15: =SUMIF('Suivi Financement'!I5:I28,A15,'Suivi Financement'!F5:F28) | E15: Crédit bancaire | F15: =SUMIF('Suivi Financement'!D5:D28,E15,'Suivi Financement'!E5:E28) | G15: =SUMIF('Suivi Financement'!D5:D28,E15,'Suivi Financement'!F5:F28)
A16: En cours | B16: =COUNTIF('Suivi Financement'!I5:I28,A16) | C16: =SUMIF('Suivi Financement'!I5:I28,A16,'Suivi Financement'!F5:F28) | E16: Investissement | F16: =SUMIF('Suivi Financement'!D5:D28,E16,'Suivi Financement'!E5:E28) | G16: =SUMIF('Suivi Financement'!D5:D28,E16,'Suivi Financement'!F5:F28)
A17: À relancer | B17: =COUNTIF('Suivi Financement'!I5:I28,A17) | C17: =SUMIF('Suivi Financement'!I5:I28,A17,'Suivi Financement'!F5:F28) | E17: Subvention | F17: =SUMIF('Suivi Financement'!D5:D28,E17,'Suivi Financement'!E5:E28) | G17: =SUMIF('Suivi Financement'!D5:D28,E17,'Suivi Financement'!F5:F28)
A18: Partiel | B18: =COUNTIF('Suivi Financement'!I5:I28,A18) | C18: =SUMIF('Suivi Financement'!I5:I28,A18,'Suivi Financement'!F5:F28) | E18: Financement formation | F18: =SUMIF('Suivi Financement'!D5:D28,E18,'Suivi Financement'!E5:E28) | G18: =SUMIF('Suivi Financement'!D5:D28,E18,'Suivi Financement'!F5:F28)
A19: Validé | B19: =COUNTIF('Suivi Financement'!I5:I28,A19) | C19: =SUMIF('Suivi Financement'!I5:I28,A19,'Suivi Financement'!F5:F28) | E19: Crédit professionnel | F19: =SUMIF('Suivi Financement'!D5:D28,E19,'Suivi Financement'!E5:E28) | G19: =SUMIF('Suivi Financement'!D5:D28,E19,'Suivi Financement'!F5:F28)
A20: Refusé | B20: =COUNTIF('Suivi Financement'!I5:I28,A20) | C20: =SUMIF('Suivi Financement'!I5:I28,A20,'Suivi Financement'!F5:F28) | E20: Aide innovation | F20: =SUMIF('Suivi Financement'!D5:D28,E20,'Suivi Financement'!E5:E28) | G20: =SUMIF('Suivi Financement'!D5:D28,E20,'Suivi Financement'!F5:F28)
E21: Crédit-bail | F21: =SUMIF('Suivi Financement'!D5:D28,E21,'Suivi Financement'!E5:E28) | G21: =SUMIF('Suivi Financement'!D5:D28,E21,'Suivi Financement'!F5:F28)
E22: Prêt création | F22: =SUMIF('Suivi Financement'!D5:D28,E22,'Suivi Financement'!E5:E28) | G22: =SUMIF('Suivi Financement'!D5:D28,E22,'Suivi Financement'!F5:F28)
E23: Subvention régionale | F23: =SUMIF('Suivi Financement'!D5:D28,E23,'Suivi Financement'!E5:E28) | G23: =SUMIF('Suivi Financement'!D5:D28,E23,'Suivi Financement'!F5:F28)
E24: Aide emploi | F24: =SUMIF('Suivi Financement'!D5:D28,E24,'Suivi Financement'!E5:E28) | G24: =SUMIF('Suivi Financement'!D5:D28,E24,'Suivi Financement'!F5:F28)
E25: Aide export | F25: =SUMIF('Suivi Financement'!D5:D28,E25,'Suivi Financement'!E5:E28) | G25: =SUMIF('Suivi Financement'!D5:D28,E25,'Suivi Financement'!F5:F28)
E26: Crédit équipement | F26: =SUMIF('Suivi Financement'!D5:D28,E26,'Suivi Financement'!E5:E28) | G26: =SUMIF('Suivi Financement'!D5:D28,E26,'Suivi Financement'!F5:F28)
E27: Indemnisation / avance | F27: =SUMIF('Suivi Financement'!D5:D28,E27,'Suivi Financement'!E5:E28) | G27: =SUMIF('Suivi Financement'!D5:D28,E27,'Suivi Financement'!F5:F28)
E28: Crédit travaux | F28: =SUMIF('Suivi Financement'!D5:D28,E28,'Suivi Financement'!E5:E28) | G28: =SUMIF('Suivi Financement'!D5:D28,E28,'Suivi Financement'!F5:F28)
E29: Aide publique | F29: =SUMIF('Suivi Financement'!D5:D28,E29,'Suivi Financement'!E5:E28) | G29: =SUMIF('Suivi Financement'!D5:D28,E29,'Suivi Financement'!F5:F28)
E30: Crédit trésorerie | F30: =SUMIF('Suivi Financement'!D5:D28,E30,'Suivi Financement'!E5:E28) | G30: =SUMIF('Suivi Financement'!D5:D28,E30,'Suivi Financement'!F5:F28)
E31: Microcrédit | F31: =SUMIF('Suivi Financement'!D5:D28,E31,'Suivi Financement'!E5:E28) | G31: =SUMIF('Suivi Financement'!D5:D28,E31,'Suivi Financement'!F5:F28)
E32: Prêt agricole | F32: =SUMIF('Suivi Financement'!D5:D28,E32,'Suivi Financement'!E5:E28) | G32: =SUMIF('Suivi Financement'!D5:D28,E32,'Suivi Financement'!F5:F28)
E33: Crédit innovation | F33: =SUMIF('Suivi Financement'!D5:D28,E33,'Suivi Financement'!E5:E28) | G33: =SUMIF('Suivi Financement'!D5:D28,E33,'Suivi Financement'!F5:F28)
E34: Prêt d’honneur | F34: =SUMIF('Suivi Financement'!D5:D28,E34,'Suivi Financement'!E5:E28) | G34: =SUMIF('Suivi Financement'!D5:D28,E34,'Suivi Financement'!F5:F28)

Sheet Mode emploi
A1: MODE D’EMPLOI DU MODÈLE
A4: 1. Renseigner le dossier | C4: Compléter le numéro, le projet, l’organisme financeur et le type de financement.
A5: 2. Suivre les montants | C5: Indiquer le montant demandé et le montant validé. Le reste à financer se calcule automatiquement.
A6: 3. Piloter les relances | C6: Utiliser les colonnes statut, date de relance et prochaine action pour éviter les oublis.
A7: 4. Contrôler les risques | C7: Classer la priorité et le risque pour traiter les dossiers bloquants en premier.
A8: 5. Lire le tableau de bord | C8: Consulter les indicateurs pour suivre le taux d’obtention, les montants validés et les dossiers à relancer.
A9: 6. Adapter les noms | C9: Les noms et prénoms français sont fournis à titre d’exemple et peuvent être remplacés par les responsables réels.
